 Dungeon Crawl Stone Soup version 0.29-a0-1019-g84f7d21838 (webtiles) character file.

Game seed: 8998663064488893631

16 siradein the Trooper (level 2, -1/26 HPs)
             Began as a Ghoul Fighter on Aug 11, 2022.
             Slain by Robin
             ... wielding a +0 falchion
              (3 damage)
             ... on level 1 of the Dungeon.
             The game lasted 00:02:45 (1199 turns).

siradein the Trooper (Ghoul Fighter)                Turns: 1199, Time: 00:02:45

Health: -1/26      AC:  6    Str: 19    XL:     2   Next: 58%
Magic:  1/1        EV:  9    Int:  3    God:
Gold:   35         SH:  4    Dex:  8    Spells: 1/1 levels left

rFire   . . .      SeeInvis .   a - +0 trident
rCold   + . .      Faith    .   c - +0 buckler
rNeg    + + +      Spirit   .   b - +0 scale mail
rPois   ∞          Reflect  .   (no helmet)
rElec   .          Harm     .   (no cloak)
rCorr   .          Rampage  .   (no gloves)
Will    .....                   (no boots)
Stlth   ..........              (no amulet)
HPRegen 0.00/turn               (no ring)
MPRegen 0.07/turn               (no ring)

@: inhibited regen
A: claws 1, cold resistance 1, negative energy resistance 3, inhibited
regeneration, torment resistance 2, devour on kill
a: no special abilities


You were on level 1 of the Dungeon.
You visited 1 branch of the dungeon, and saw 2 of its levels.

You collected 35 gold pieces.

Inventory:

Hand Weapons
 a - a +0 trident (weapon)
Missiles
 f - 3 boomerangs
 h - 13 stones (quivered)
Armour
 b - a +0 scale mail (worn)
 c - a +0 buckler (worn)
Scrolls
 e - a scroll of noise {unknown}
 j - a scroll of enchant armour {unknown}
Potions
 d - 2 potions of might
 g - a potion of attraction {unknown}
 i - a potion of heal wounds {unknown}


   Skills:
 + Level 3.5 Fighting
 + Level 2.0 Polearms
 + Level 2.9 Armour
 + Level 2.9 Shields


You had one spell level left.
You didn't know any spells.
Your spell library was empty.

Dungeon Overview and Level Annotations

Branches:
Dungeon (2/15)

Altars:

Annotations:
D:1 Robin


Innate Abilities, Weirdness & Mutations

You are immune to poison.
You have sharp fingernails.
Your flesh is cold resistant. (rC+)
You are immune to negative energy. (rN+++)
You do not regenerate when monsters are visible.
You are immune to unholy pain and torment.
You thrive by killing the living.


Message History

Robin is moderately wounded.
The goblin hits you but does no damage. Robin hits you with a +0 falchion.
The goblin barely misses you. You block Robin's attack.
You hit Robin.
Robin is heavily wounded.
You block the goblin's attack.
Robin roars a battlecry!
The goblin goes into a battle-frenzy!
You hit Robin.
Robin is severely wounded.
The goblin hits you with a +3 dagger of venom.
Robin hits you with a +0 falchion.
You closely miss Robin.
Robin is severely wounded.
The goblin hits you with a +3 dagger of venom!
You block Robin's attack.
You are too injured to fight recklessly!
You are too injured to fight recklessly!
You are too injured to fight recklessly!
Unknown command.
You barely miss Robin.
Robin is severely wounded.
The goblin closely misses you. Robin hits you with a +0 falchion.
* * * LOW HITPOINT WARNING * * *
The goblin closely misses you. Robin hits you with a +0 falchion.
* * * LOW HITPOINT WARNING * * *
You barely miss Robin.
Robin is severely wounded.
The goblin barely misses you. Robin closely misses you.
Unknown command.
You block Robin's attack.
You see here a +0 club.
Robin attacks as you move away! Robin hits you but does no damage.
Robin throws the goblin at you!
You barely miss the goblin. The goblin barely misses you.
You hit the goblin but do no damage. You block the goblin's attack.
Robin closely misses you.
You barely miss the goblin. The goblin hits you but does no damage.
Robin hits you with a +0 falchion.
You die...

#### ###### #... #....# ######...
.....# ######## #...##... .....#
#......# #...##... ._...#
#......#######...##... 8.8..#####
#.....)>..............
.........###....g)#######...##...
#....###........@## #...##...
.....#.#.......g.# #...##...
#......#.........# #...##...
#....#.#.........########...#####
##..........................#
...........#####..........###
...........# #..........#####
...........# ###########.....#
...........####....######.....###


You could see Robin and a goblin (strong).

Vanquished Creatures
  2 hobgoblins (D:1)
  A kobold (D:1)
  A quokka (D:1)
  3 ball pythons (D:1)
  2 bats (D:1)
  A frilled lizard (D:1)
  4 goblins
  A rat (D:1)
15 creatures vanquished.

Vanquished Creatures (others)
  4 toadstools (D:1)
4 creatures vanquished.

Grand Total: 19 creatures vanquished

Notes
Turn   | Place    | Note
-------+----------+-------------------------------------------
     0 | D:1      | siradein the Ghoul Fighter began the quest for the Orb.
     0 | D:1      | Reached XP level 1. HP: 19/19 MP: 0/0
   256 | D:1      | Found a faded altar of an unknown god.
   327 | D:1      | Reached XP level 2. HP: 10/26 MP: 1/1
  1088 | D:2      | Noticed Robin
  1199 | D:1      | Slain by Robin

Illustrated notes

Levels and vault maps discovered:
D:1:      ldierk_walled_garden_2, layout_basic,
          dreamdust_ecumenical_altar_statues, minmay_unequal
D:2:      layout_basic, uniq_robin

Skill      XL: |  1  2 |
---------------+-------+-----
Polearms       | 2 |  2.0
Fighting       | |  3.5
Armour         | |  2.9
Shields        | |  2.9

Action                   || total
-------------------------++-------
Melee: Trident           ||    53
Armor: Scale mail        ||    32
Dodge: Dodged            ||    35
Block: Buckler           ||    16

Table legend: (Time is in decaauts)
 A = Elapsed time spent in this place.
 B = Non-inter-level travel time spent in this place.
 C = Inter-level travel time spent in this place.
 D = Time resting spent in this place.
 E = Time spent auto-exploring this place.
 F = Levels seen in this place.
 G = Mean time per level.
                   A        B        C        D        E       F      G
               +--------+--------+--------+--------+--------+-----+--------+
         Total |   1214 |   1112 |    102 |     66 |    897 |   2 |  607.0 |
       Dungeon |   1214 |   1112 |    102 |     66 |    897 |   2 |  607.0 |
               +--------+--------+--------+--------+--------+-----+--------+

Top non-repeatable levels by time:
     D:1: 1165 daAuts
     D:2: 48 daAuts
